Canadiens vs Flames
(R1)
Created - October 28, 2024 at 19:34
Goals
|
Canadiens |
1 |
2 |
1 |
4 |
Flames |
1 |
4 |
0 |
5 |
|
Shots
|
Canadiens |
12 |
6 |
9 |
27 |
Flames |
9 |
20 |
5 |
34 |
|
1st period
1. Flames , Eric Staal 3 (Erik Johnson 3, Brad Marchand 2) at 7:48 (PP)
2. Canadiens , Chris Kreider 3 (David Pastrnak 3, Auston Matthews 5) at 13:42 (PP)
Penalties :
David Ullstrom (Cal) for Interference (Minor) at 1:41, Anders Lee (Cal) for Tripping (Minor) at 4:54, Anthony Cirelli (Mtl) for Interference (Minor) at 6:45, Brady Skjei (Mtl) for Tripping (Minor) at 7:55, David Pastrnak (Mtl) for Hooking (Minor) at 10:24, Brad Marchand (Cal) for Holding (Minor) at 13:26, Patrik Berglund (Cal) for Tripping (Minor) at 14:03
2nd period
3. Flames , Patrik Berglund 2 (Erik Johnson 4, Christian Folin 1) at 6:51 (SH)
4. Flames , Sami Vatanen 3 (Christian Folin 2, Brad Marchand 3) at 7:44 (PP)
5. Canadiens , Brady Skjei 3 (John Tavares 2, Derick Brassard 1) at 13:31
6. Flames , Esa Lindell 2 (Kevin Labanc 2, Victor Rask 1) at 15:25
7. Canadiens , Anthony Cirelli 4 (Michael Matheson 1) at 16:14
8. Flames , Jimmy Hayes 2 (Jake DeBrusk 2, Esa Lindell 2) at 18:20 (PP)
Penalties :
Quinn Hughes (Mtl) for Slashing (Minor) at 0:03, Sami Vatanen (Cal) for Tripping (Minor) at 5:27, Brad Marchand (Cal) for Tripping (Minor) at 5:39, William Nylander (Mtl) for Holding (Minor) at 7:23, Quinn Hughes (Mtl) for Roughing (Minor) at 8:33, Auston Matthews (Mtl) for Roughing (Minor) at 11:21, Chris Kreider (Mtl) for Roughing (Minor) at 16:26
3rd period
9. Canadiens , Chris Kreider 4 (David Pastrnak 4, Auston Matthews 6) at 17:48
Penalties :
John Tavares (Mtl) for Roughing (Minor) at 0:41, Jimmy Hayes (Cal) for Roughing (Minor) at 4:13, Brad Marchand (Cal) for Cross-checking (Minor) at 8:49, Brad Marchand (Cal) for Hooking (Minor) at 11:58
Goalie Stats
Igor Shesterkin (Mtl), 29 saves from 34 shots - (0.853), L, 0-1-0, 58:45 minutes
Christopher Gibson (Cal), 23 saves from 27 shots - (0.852), W, 2-1-0, 60:00 minutes
Players Stats for Canadiens
Player Name G A P +/- PIM S H SB GA TA FO MP PP MP PK MP
------------------------------------------------------------------------------------
Anthony Cirelli 1 0 1 1 2 1 0 0 0 0 1/1 15:16 5:40 1:13
Anze Kopitar 0 0 0 1 0 1 0 1 0 0 8/15 16:40 0:15 7:38
Auston Matthews 0 2 2 0 2 1 4 1 1 1 12/26 17:27 8:02 0:00
Brady Skjei 1 0 1 1 2 2 3 0 3 1 0/0 28:02 8:24 5:38
Chris Kreider 2 0 2 0 2 4 0 0 2 1 1/3 19:39 8:02 0:37
David Pastrnak 0 2 2 0 2 6 3 0 0 0 2/2 19:56 8:02 0:49
Derick Brassard 0 1 1 1 0 1 0 0 0 0 1/1 7:12 0:15 0:00
Filip Hronek 0 0 0 -1 0 1 1 0 0 1 0/0 19:50 5:12 1:11
Jacob De La Rose 0 0 0 -1 0 0 0 1 0 0 0/1 12:26 0:00 7:49
Jeff Schultz 0 0 0 -1 0 0 1 0 0 1 0/0 16:31 0:00 8:49
John Tavares 0 1 1 1 2 2 1 0 1 0 5/10 15:24 5:41 0:56
Josh Anderson 0 0 0 -1 0 0 0 0 0 0 0/0 10:00 0:15 5:18
Matthew Tkachuk 0 0 0 0 0 1 2 0 0 0 0/0 12:43 5:12 0:00
Michael Matheson 0 1 1 3 0 0 0 0 0 0 0/0 16:14 0:22 5:48
Nicolas Hague 0 0 0 2 0 0 0 2 0 0 0/0 17:34 0:00 8:12
Quinn Hughes 0 0 0 -1 4 3 0 0 0 1 0/0 16:00 8:46 0:00
William Nylander 0 0 0 1 2 2 1 0 0 1 0/1 14:01 5:40 0:00
Zac Rinaldo 0 0 0 -1 0 2 1 0 0 0 1/2 9:44 0:00 5:18
Players Stats for Flames
Player Name G A P +/- PIM S H SB GA TA FO MP PP MP PK MP
------------------------------------------------------------------------------------
Anders Lee 0 0 0 -1 2 1 2 0 1 0 0/0 9:59 0:55 3:00
Brad Marchand 0 2 2 -2 8 2 1 0 0 1 1/1 19:00 1:03 4:53
Bryan Rust 0 0 0 -2 0 4 0 0 1 0 3/4 17:50 0:02 4:56
Christian Folin 0 2 2 1 0 0 3 1 0 2 0/0 26:21 6:26 8:17
Colby Robak 0 0 0 0 0 0 0 1 0 0 0/0 10:40 0:00 5:44
David Ullstrom 0 0 0 0 2 0 0 0 0 0 0/0 6:32 0:02 2:32
Eric Staal 1 0 1 -1 0 4 0 2 2 0 15/28 23:04 8:22 3:50
Erik Johnson 0 2 2 -1 0 3 1 2 1 2 0/0 30:52 8:29 8:17
Esa Lindell 1 1 2 0 0 2 1 1 0 0 0/0 18:39 6:20 0:00
Evgeny Svechnikov 0 0 0 0 0 0 0 0 0 0 0/0 10:08 6:25 0:00
Jake DeBrusk 0 1 1 1 0 2 1 0 0 0 0/0 14:44 7:21 1:07
Jimmy Hayes 1 0 1 -1 2 3 1 0 1 0 0/0 15:16 7:21 0:00
Kevin Labanc 0 1 1 1 0 3 2 0 0 0 0/0 6:06 0:00 0:00
Patrik Berglund 1 0 1 0 2 2 1 0 0 1 11/22 20:29 6:25 5:56
Rasmus Andersson 0 0 0 0 0 0 3 0 0 1 0/0 10:29 0:00 5:44
Sami Vatanen 1 0 1 -2 2 2 1 2 1 0 0/0 23:16 8:29 0:00
Tanner Pearson 0 0 0 -1 0 3 0 0 0 0 0/3 14:12 6:25 0:00
Victor Rask 0 1 1 1 0 3 1 0 0 0 1/4 6:06 0:00 0:00
3 Stars
1 - Christian Folin (Cal)
2 - Esa Lindell (Cal)
3 - Chris Kreider (Mtl)
Power Play
Canadiens - 1 on 9 Attempt(s) - 11.11%
Flames - 3 on 9 Attempt(s) - 33.33%
Penalty Kill
Canadiens - 6 on 9 Attempt(s) - 66.67%
- Score 0 goal in Penalty Kill
Flames - 8 on 9 Attempt(s) - 88.89%
- Score 1 goal in Penalty Kill
Team Stat
Canadiens - Hits : 17 - Faceoff Wins : 31 - Blocked Shots : 5 - Penalty Minutes : 18
Flames - Hits : 18 - Faceoff Wins : 31 - Blocked Shots : 9 - Penalty Minutes : 18
Official
Referees : Francois St. Laurent and Graham Skilliter
Linesman : Steve Miller and Derek Amell
Game Notes
7:44 of 2nd period - Flames goal is going for a video replay. After video review, Goal.
Finance
Level 1 -- Attendance: 5351 (89.18%) -- Ticket Income $535,100
Level 2 -- Attendance: 4943 (98.86%) -- Ticket Income $346,010
Level 3 -- Attendance: 1979 (98.95%) -- Ticket Income $79,160
Level 4 -- Attendance: 3920 (98.00%) -- Ticket Income $117,600
Luxury Box -- Attendance: 967 (96.70%) -- Ticket Income $193,400
Game was played at the Scotiabank Saddledome.
Total Attendance: 17160 (95.33%)
Total Ticket Income: $1,271,270
Other Income: $190,690
Total Income: $1,461,960
Canadiens
5 vs 5 Forward
Center Left Wing Right Wing Time % Phy DF OF
1 Auston Matthews Chris Kreider David Pastrnak 35 1 2 2
2 John Tavares Derick Brassard Matthew Tkachuk 30 1 2 2
3 Anze Kopitar Anthony Cirelli William Nylander 30 1 2 2
4 Jacob De La Rose Zac Rinaldo Josh Anderson 5 1 2 2
5 vs 5 Defense
Defense Defense Time % Phy DF OF
1 Brady Skjei Filip Hronek 40 1 2 2
2 Jeff Schultz Quinn Hughes 30 1 2 2
3 Michael Matheson Nicolas Hague 30 1 2 2
4 Brady Skjei Jeff Schultz 0 1 2 2
PowerPlay Forward
Center Left Wing Right Wing Time % Phy DF OF
1 Auston Matthews Chris Kreider David Pastrnak 60 1 2 2
2 John Tavares Anthony Cirelli William Nylander 40 1 2 2
PowerPlay Defense
Defense Defense Time % Phy DF OF
1 Brady Skjei Quinn Hughes 60 1 2 2
2 Matthew Tkachuk Filip Hronek 40 1 2 2
Penalty Kill 4 Players Forward
Center Wing Time % Phy DF OF
1 Anze Kopitar Jacob De La Rose 60 1 2 2
2 Zac Rinaldo Josh Anderson 40 1 2 2
Penalty Kill 4 Players Defense
Defense Defense Time % Phy DF OF
1 Jeff Schultz Nicolas Hague 60 1 2 2
2 Brady Skjei Michael Matheson 40 1 2 2
Penalty Kill - 3 Players Forward
Forward Time % Phy DF OF
1 John Tavares 60 1 2 2
2 Anze Kopitar 40 1 2 2
Penalty Kill - 3 Players Defense
Defense Defense Time % Phy DF OF
1 Nicolas Hague Jeff Schultz 60 1 2 2
2 Michael Matheson Brady Skjei 40 1 2 2
4 vs 4 Forward
Center Wing Time % Phy DF OF
1 John Tavares David Pastrnak 60 1 2 2
2 Anze Kopitar Chris Kreider 40 1 2 2
4 vs 4 Defense
Defense Defense Time % Phy DF OF
1 Brady Skjei Jeff Schultz 60 1 2 2
2 Michael Matheson Quinn Hughes 40 1 2 2
Last Minutes Offensive
Center Left Wing Right Wing Defense Defense
John Tavares Chris Kreider David Pastrnak Brady Skjei Quinn Hughes
Last Minutes Defensive
Center Left Wing Right Wing Defense Defense
Anze Kopitar Chris Kreider Anthony Cirelli Nicolas Hague Jeff Schultz
Goaltenders
Starting : Igor Shesterkin
Backup : Ondrej Pavelec
Extra Forwards
Normal : Anze Kopitar, Auston Matthews, John Tavares - PP : Derick Brassard, Anze Kopitar - PK : Anthony Cirelli
Extra Defensemen
Normal : Brady Skjei, Jeff Schultz, Michael Matheson - PP : Michael Matheson - PK : Filip Hronek, Quinn Hughes
Penalty Shots
John Tavares, Chris Kreider, David Pastrnak, Derick Brassard, Anze Kopitar
Custom OT Lines Forwards
John Tavares, Chris Kreider, David Pastrnak, Derick Brassard, Anze Kopitar, Auston Matthews, William Nylander, Matthew Tkachuk, Anthony Cirelli, Jacob De La Rose
Custom OT Lines Defensemen
Brady Skjei, Jeff Schultz, Michael Matheson, Quinn Hughes, Filip Hronek
Scratches
Colin Wilson (Healthy)
Flames
5 vs 5 Forward
Center Left Wing Right Wing Time % Phy DF OF
1 Eric Staal Brad Marchand Bryan Rust 40 1 2 2
2 Patrik Berglund Tanner Pearson Jimmy Hayes 30 1 2 2
3 Victor Rask Jake DeBrusk Kevin Labanc 20 1 2 2
4 Anders Lee David Ullstrom Evgeny Svechnikov 10 1 2 2
5 vs 5 Defense
Defense Defense Time % Phy DF OF
1 Erik Johnson Sami Vatanen 40 1 2 2
2 Esa Lindell Christian Folin 30 1 2 2
3 Colby Robak Rasmus Andersson 20 1 2 2
4 Erik Johnson Sami Vatanen 10 1 2 2
PowerPlay Forward
Center Left Wing Right Wing Time % Phy DF OF
1 Eric Staal Jake DeBrusk Jimmy Hayes 60 1 1 3
2 Patrik Berglund Tanner Pearson Evgeny Svechnikov 40 1 1 3
PowerPlay Defense
Defense Defense Time % Phy DF OF
1 Erik Johnson Sami Vatanen 60 1 1 3
2 Esa Lindell Christian Folin 40 1 1 3
Penalty Kill 4 Players Forward
Center Wing Time % Phy DF OF
1 Patrik Berglund Brad Marchand 60 1 3 1
2 Eric Staal Bryan Rust 40 1 3 1
Penalty Kill 4 Players Defense
Defense Defense Time % Phy DF OF
1 Erik Johnson Christian Folin 60 1 3 1
2 Colby Robak Rasmus Andersson 40 1 3 1
Penalty Kill - 3 Players Forward
Forward Time % Phy DF OF
1 Eric Staal 60 1 3 1
2 Patrik Berglund 40 1 3 1
Penalty Kill - 3 Players Defense
Defense Defense Time % Phy DF OF
1 Erik Johnson Christian Folin 60 1 3 1
2 Colby Robak Rasmus Andersson 40 1 3 1
4 vs 4 Forward
Center Wing Time % Phy DF OF
1 Eric Staal Brad Marchand 60 1 2 2
2 Patrik Berglund Bryan Rust 40 1 2 2
4 vs 4 Defense
Defense Defense Time % Phy DF OF
1 Erik Johnson Sami Vatanen 60 1 2 2
2 Esa Lindell Christian Folin 40 1 2 2
Last Minutes Offensive
Center Left Wing Right Wing Defense Defense
Eric Staal Brad Marchand Bryan Rust Erik Johnson Sami Vatanen
Last Minutes Defensive
Center Left Wing Right Wing Defense Defense
Eric Staal Brad Marchand Bryan Rust Erik Johnson Sami Vatanen
Goaltenders
Starting : Christopher Gibson
Backup : Michael Hutchinson
Extra Forwards
Normal : Bryan Rust, Jake DeBrusk, Patrik Berglund - PP : Tanner Pearson, Brad Marchand - PK : Bryan Rust
Extra Defensemen
Normal : Esa Lindell, Christian Folin, Colby Robak - PP : Esa Lindell - PK : Sami Vatanen, Colby Robak
Penalty Shots
Eric Staal, Jake DeBrusk, Jimmy Hayes, Tanner Pearson, Evgeny Svechnikov
Custom OT Lines Forwards
Eric Staal, Jake DeBrusk, Patrik Berglund, Bryan Rust, Jimmy Hayes, Brad Marchand, Tanner Pearson, Victor Rask, Kevin Labanc, Evgeny Svechnikov
Custom OT Lines Defensemen
Erik Johnson, Sami Vatanen, Christian Folin, Esa Lindell, Colby Robak
Scratches
Kyle Palmieri (Healthy), Matthew Nieto (Healthy)
% Time on Ice - Canadiens
Lines # - Real PCT - Wanted PCT - Time Play
Normal Forward
1 - 33% - 35% - 9:53
2 - 25% - 30% - 7:16
3 - 27% - 30% - 8:09
4 - 15% - 5% - 4:21
Normal Defense
1 - 45% - 40% - 13:17
2 - 25% - 30% - 7:33
3 - 30% - 30% - 8:49
4 - 0% - 0% - 0:00
PP Forward
1 - 59% - 60% - 8:17
2 - 41% - 40% - 5:41
PP Defense
1 - 63% - 60% - 8:46
2 - 37% - 40% - 5:12
PK Forward
1 - 64% - 60% - 9:31
2 - 36% - 40% - 5:18
PK Defense
1 - 61% - 60% - 9:01
2 - 39% - 40% - 5:48
PK3 Forward
1 - 0% - 60%
2 - 0% - 40%
PK3 Defense
1 - 0% - 60%
2 - 0% - 40%
44 Forward
1 - 100% - 60% - 0:23
2 - 0% - 40% - 0:00
44 Defense
1 - 100% - 60% - 0:23
2 - 0% - 40% - 0:00
Last Minute Offensive - 1:11
Last Minute Defensive - 0:00
Total
Forward - 60:00
Defense - 60:00
|
% Time on Ice - Flames
Lines # - Real PCT - Wanted PCT - Time Play
Normal Forward
1 - 40% - 40% - 11:56
2 - 27% - 30% - 7:59
3 - 21% - 20% - 6:06
4 - 12% - 10% - 3:39
Normal Defense
1 - 49% - 40% - 14:35
2 - 36% - 30% - 10:40
3 - 15% - 20% - 4:25
4 - 0% - 10% - 0:00
PP Forward
1 - 57% - 60% - 8:24
2 - 43% - 40% - 6:25
PP Defense
1 - 57% - 60% - 8:29
2 - 43% - 40% - 6:20
PK Forward
1 - 83% - 60% - 10:06
2 - 17% - 40% - 2:08
PK Defense
1 - 57% - 60% - 7:02
2 - 43% - 40% - 5:12
PK3 Forward
1 - 85% - 60% - 1:31
2 - 15% - 40% - 0:16
PK3 Defense
1 - 70% - 60% - 1:15
2 - 30% - 40% - 0:32
44 Forward
1 - 100% - 60% - 0:20
2 - 0% - 40% - 0:00
44 Defense
1 - 100% - 60% - 0:20
2 - 0% - 40% - 0:00
Last Minute Offensive - 0:00
Last Minute Defensive - 1:10
Total
Forward - 60:00
Defense - 60:00
|
Play-by-Play
1st period
0:01 of 1st period - Eric Staal wins face-off versus Auston Matthews in neutral zone.
0:08 of 1st period - Wrist shot by Bryan Rust.
0:08 of 1st period - Deflect By Chris Kreider.
0:08 of 1st period - Stopped by Igor Shesterkin with a rebound.
0:10 of 1st period - Wrist shot by Brad Marchand.
0:10 of 1st period - Stopped by Igor Shesterkin with a rebound.
0:12 of 1st period - Wrist shot by Erik Johnson.
0:12 of 1st period - Stopped by Igor Shesterkin without a rebound.
0:13 of 1st period - Patrik Berglund wins face-off versus John Tavares in Canadiens zone.
0:20 of 1st period - Christian Folin is hit by Jeff Schultz and loses puck.
1:01 of 1st period - Snap shot by Jake DeBrusk.
1:01 of 1st period - Shot Blocked by Nicolas Hague.
1:41 of 1st period - Minor Penalty to David Ullstrom for Interference.
1:42 of 1st period - Patrik Berglund wins face-off versus John Tavares in Flames zone.
1:52 of 1st period - Christian Folin is hit by Brady Skjei and loses puck.
2:36 of 1st period - Filip Hronek is hit by Brad Marchand and loses puck.
2:59 of 1st period - Erik Johnson is hit by Auston Matthews and loses puck.
3:10 of 1st period - William Nylander is hit by Christian Folin.
3:41 of 1st period - Penalty to David Ullstrom is over, David Ullstrom is back on ice.
3:50 of 1st period - Wrist shot by Patrik Berglund.
3:50 of 1st period - Stopped by Igor Shesterkin without a rebound.
3:51 of 1st period - Victor Rask wins face-off versus Jacob De La Rose in Canadiens zone.
4:02 of 1st period - Erik Johnson is hit by Zac Rinaldo and loses puck.
4:25 of 1st period - Slapshot by Josh Anderson.
4:25 of 1st period - Shot Misses the Net.
4:27 of 1st period - Slapshot by Zac Rinaldo.
4:27 of 1st period - Stopped by Christopher Gibson with a rebound.
4:29 of 1st period - Snap shot by Michael Matheson.
4:29 of 1st period - Shot Misses the Net.
4:31 of 1st period - Wrist shot by Jacob De La Rose.
4:31 of 1st period - Shot Misses the Net.
4:54 of 1st period - Minor Penalty to Anders Lee for Tripping.
4:55 of 1st period - Patrik Berglund wins face-off versus Auston Matthews in Flames zone.
5:03 of 1st period - Wrist shot by Brad Marchand.
5:03 of 1st period - Stopped by Igor Shesterkin without a rebound.
5:04 of 1st period - David Pastrnak wins face-off versus Patrik Berglund in Canadiens zone.
5:31 of 1st period - Snap shot by David Pastrnak.
5:31 of 1st period - Shot Blocked by Colby Robak.
5:33 of 1st period - Slapshot by Quinn Hughes.
5:33 of 1st period - Stopped by Christopher Gibson with a rebound.
5:55 of 1st period - Christian Folin is hit by Brady Skjei and loses puck.
6:12 of 1st period - Slapshot by Chris Kreider.
6:12 of 1st period - Shot Misses the Net.
6:14 of 1st period - Slapshot by Brady Skjei.
6:14 of 1st period - Shot Blocked by Christian Folin.
6:16 of 1st period - Snap shot by Chris Kreider.
6:16 of 1st period - Stopped by Christopher Gibson without a rebound.
6:17 of 1st period - John Tavares wins face-off versus Patrik Berglund in Flames zone.
6:24 of 1st period - Slapshot by William Nylander.
6:24 of 1st period - Shot Blocked by Erik Johnson.
6:26 of 1st period - Snap shot by William Nylander.
6:26 of 1st period - Stopped by Christopher Gibson with a rebound.
6:28 of 1st period - Slapshot by Filip Hronek.
6:28 of 1st period - Shot Blocked by Erik Johnson.
6:30 of 1st period - Wrist shot by John Tavares.
6:30 of 1st period - Stopped by Christopher Gibson with a rebound.
6:32 of 1st period - Slapshot by Anthony Cirelli.
6:32 of 1st period - Shot Misses the Net.
6:34 of 1st period - Wrist shot by John Tavares.
6:34 of 1st period - Stopped by Christopher Gibson with a rebound.
6:45 of 1st period - Minor Penalty to Anthony Cirelli for Interference.
6:46 of 1st period - Eric Staal wins face-off versus John Tavares in Canadiens zone.
6:54 of 1st period - Penalty to Anders Lee is over, Anders Lee is back on ice.
7:46 of 1st period - Backhand shot by Eric Staal.
7:46 of 1st period - Shot Misses the Net.
7:48 of 1st period - Snap shot by Eric Staal.
7:48 of 1st period - Goal by Eric Staal - Canadiens : 0 - Flames : 1.
7:49 of 1st period - Patrik Berglund wins face-off versus Anze Kopitar in neutral zone.
7:55 of 1st period - Minor Penalty to Brady Skjei for Tripping.
7:56 of 1st period - Anze Kopitar wins face-off versus Eric Staal in Canadiens zone.
8:44 of 1st period - Off-side.
8:45 of 1st period - Zac Rinaldo wins face-off versus Eric Staal in neutral zone.
9:55 of 1st period - Penalty to Brady Skjei is over, Brady Skjei is back on ice.
10:15 of 1st period - Quinn Hughes is hit by Esa Lindell and loses puck.
10:24 of 1st period - Minor Penalty to David Pastrnak for Hooking.
10:25 of 1st period - Patrik Berglund wins face-off versus Anze Kopitar in Canadiens zone.
11:32 of 1st period - Josh Anderson is hit by Jake DeBrusk and loses puck.
12:24 of 1st period - Penalty to David Pastrnak is over, David Pastrnak is back on ice.
12:43 of 1st period - Wrist shot by Derick Brassard.
12:43 of 1st period - Stopped by Christopher Gibson with a rebound.
13:03 of 1st period - Esa Lindell is hit by Auston Matthews and loses puck.
13:26 of 1st period - Minor Penalty to Brad Marchand for Holding.
13:27 of 1st period - Auston Matthews wins face-off versus Patrik Berglund in Flames zone.
13:42 of 1st period - Snap shot by Chris Kreider.
13:42 of 1st period - Goal by Chris Kreider - Canadiens : 1 - Flames : 1.
13:43 of 1st period - Patrik Berglund wins face-off versus Anze Kopitar in neutral zone.
13:54 of 1st period - Snap shot by Tanner Pearson.
13:54 of 1st period - Stopped by Igor Shesterkin with a rebound.
14:03 of 1st period - Minor Penalty to Patrik Berglund for Tripping.
14:04 of 1st period - Bryan Rust wins face-off versus Auston Matthews in Flames zone.
14:31 of 1st period - Brad Marchand is hit by John Tavares and loses puck.
14:36 of 1st period - Snap shot by William Nylander.
14:36 of 1st period - Shot Misses the Net.
14:38 of 1st period - Slapshot by Filip Hronek.
14:38 of 1st period - Deflect By Christian Folin.
14:38 of 1st period - Stopped by Christopher Gibson without a rebound.
14:39 of 1st period - Auston Matthews wins face-off versus Bryan Rust in Flames zone.
14:44 of 1st period - Snap shot by Auston Matthews.
14:44 of 1st period - Stopped by Christopher Gibson without a rebound.
14:45 of 1st period - Bryan Rust wins face-off versus Auston Matthews in Flames zone.
15:36 of 1st period - Slapshot by David Pastrnak.
15:36 of 1st period - Stopped by Christopher Gibson without a rebound.
15:37 of 1st period - Brad Marchand wins face-off versus Auston Matthews in Flames zone.
15:37 of 1st period - Brad Marchand is hit by Auston Matthews.
16:01 of 1st period - Bryan Rust is hit by Matthew Tkachuk and loses puck.
16:03 of 1st period - Penalty to Patrik Berglund is over, Patrik Berglund is back on ice.
17:06 of 1st period - Off-side.
17:07 of 1st period - John Tavares wins face-off versus Patrik Berglund in neutral zone.
17:10 of 1st period - Jimmy Hayes is hit by Matthew Tkachuk and loses puck.
17:36 of 1st period - Icing by Filip Hronek.
17:37 of 1st period - Anze Kopitar wins face-off versus Eric Staal in Canadiens zone.
18:27 of 1st period - Snap shot by Anze Kopitar.
18:27 of 1st period - Stopped by Christopher Gibson with a rebound.
18:45 of 1st period - Slapshot by Brady Skjei.
18:45 of 1st period - Shot Misses the Net.
19:15 of 1st period - Wrist shot by Bryan Rust.
19:15 of 1st period - Stopped by Igor Shesterkin with a rebound.
19:25 of 1st period - Wrist shot by Eric Staal.
19:25 of 1st period - Stopped by Igor Shesterkin without a rebound.
19:26 of 1st period - Patrik Berglund wins face-off versus Chris Kreider in Canadiens zone.
Goals for this period are 1 for Canadiens vs 1 for Flames.
Shots for this period are 12 for Canadiens vs 9 for Flames.
2nd period
0:01 of 2nd period - Auston Matthews wins face-off versus Eric Staal in neutral zone.
0:03 of 2nd period - Minor Penalty to Quinn Hughes for Slashing.
0:04 of 2nd period - Eric Staal wins face-off versus Anze Kopitar in Canadiens zone.
0:37 of 2nd period - Slapshot by Erik Johnson.
0:37 of 2nd period - Stopped by Igor Shesterkin with a rebound.
2:03 of 2nd period - Penalty to Quinn Hughes is over, Quinn Hughes is back on ice.
2:11 of 2nd period - Snap shot by Kevin Labanc.
2:11 of 2nd period - Stopped by Igor Shesterkin with a rebound.
2:13 of 2nd period - Slapshot by Colby Robak.
2:13 of 2nd period - Shot Misses the Net.
2:15 of 2nd period - Slapshot by Victor Rask.
2:15 of 2nd period - Stopped by Igor Shesterkin without a rebound.
2:16 of 2nd period - Auston Matthews wins face-off versus Victor Rask in Canadiens zone.
2:16 of 2nd period - Auston Matthews is hit by Kevin Labanc.
2:28 of 2nd period - Snap shot by Bryan Rust.
2:28 of 2nd period - Stopped by Igor Shesterkin with a rebound.
3:03 of 2nd period - Snap shot by Victor Rask.
3:03 of 2nd period - Shot Misses the Net.
3:05 of 2nd period - Wrist shot by Bryan Rust.
3:05 of 2nd period - Shot Misses the Net.
3:07 of 2nd period - Slapshot by Rasmus Andersson.
3:07 of 2nd period - Deflect By Victor Rask.
3:07 of 2nd period - Stopped by Igor Shesterkin without a rebound.
3:08 of 2nd period - Auston Matthews wins face-off versus Tanner Pearson in Canadiens zone.
3:45 of 2nd period - Snap shot by William Nylander.
3:45 of 2nd period - Shot Misses the Net.
4:33 of 2nd period - Wrist shot by David Pastrnak.
4:33 of 2nd period - Shot Misses the Net.
5:27 of 2nd period - Minor Penalty to Sami Vatanen for Tripping.
5:28 of 2nd period - Patrik Berglund wins face-off versus Chris Kreider in Flames zone.
5:28 of 2nd period - Patrik Berglund is hit by David Pastrnak.
5:39 of 2nd period - Minor Penalty to Brad Marchand for Tripping.
5:40 of 2nd period - Eric Staal wins face-off versus Auston Matthews in Flames zone.
5:52 of 2nd period - Wrist shot by David Pastrnak.
5:52 of 2nd period - Stopped by Christopher Gibson without a rebound.
5:53 of 2nd period - Eric Staal wins face-off versus Auston Matthews in Flames zone.
6:18 of 2nd period - Eric Staal is hit by Brady Skjei and loses puck.
6:47 of 2nd period - Snap shot by Patrik Berglund.
6:47 of 2nd period - Shot Blocked by Auston Matthews.
6:49 of 2nd period - Snap shot by Erik Johnson.
6:49 of 2nd period - Shot Misses the Net.
6:51 of 2nd period - Snap shot by Patrik Berglund.
6:51 of 2nd period - Goal by Patrik Berglund - Canadiens : 1 - Flames : 2.
6:52 of 2nd period - Auston Matthews wins face-off versus Eric Staal in neutral zone.
6:55 of 2nd period - Snap shot by Quinn Hughes.
6:55 of 2nd period - Stopped by Christopher Gibson without a rebound.
6:56 of 2nd period - Auston Matthews wins face-off versus Eric Staal in Flames zone.
7:23 of 2nd period - Minor Penalty to William Nylander for Holding.
7:24 of 2nd period - John Tavares wins face-off versus Eric Staal in Canadiens zone.
7:24 of 2nd period - John Tavares is hit by Christian Folin.
7:27 of 2nd period - Penalty to Sami Vatanen is over, Sami Vatanen is back on ice.
7:36 of 2nd period - Snap shot by Eric Staal.
7:36 of 2nd period - Stopped by Igor Shesterkin with a rebound.
7:38 of 2nd period - Wrist shot by Erik Johnson.
7:38 of 2nd period - Stopped by Igor Shesterkin with a rebound.
7:39 of 2nd period - Penalty to Brad Marchand is over, Brad Marchand is back on ice.
7:40 of 2nd period - Wrist shot by Brad Marchand.
7:40 of 2nd period - Shot Misses the Net.
7:42 of 2nd period - Slapshot by Christian Folin.
7:42 of 2nd period - Shot Misses the Net.
7:44 of 2nd period - Slapshot by Sami Vatanen.
7:44 of 2nd period - Flames goal is going for a video replay.
7:44 of 2nd period - The goal is good.
7:44 of 2nd period - Goal by Sami Vatanen - Canadiens : 1 - Flames : 3.
7:45 of 2nd period - Bryan Rust wins face-off versus Auston Matthews in neutral zone.
8:33 of 2nd period - Minor Penalty to Quinn Hughes for Roughing.
8:34 of 2nd period - Eric Staal wins face-off versus Anze Kopitar in Canadiens zone.
8:34 of 2nd period - Snap shot by Jake DeBrusk.
8:34 of 2nd period - Shot Blocked by Anze Kopitar.
8:36 of 2nd period - Wrist shot by Jimmy Hayes.
8:36 of 2nd period - Stopped by Igor Shesterkin with a rebound.
8:44 of 2nd period - Snap shot by Jimmy Hayes.
8:44 of 2nd period - Shot Misses the Net.
8:46 of 2nd period - Snap shot by Jake DeBrusk.
8:46 of 2nd period - Shot Misses the Net.
8:48 of 2nd period - Wrist shot by Eric Staal.
8:48 of 2nd period - Shot Misses the Net.
9:53 of 2nd period - Icing by Sami Vatanen.
9:54 of 2nd period - Patrik Berglund wins face-off versus Zac Rinaldo in Flames zone.
10:33 of 2nd period - Penalty to Quinn Hughes is over, Quinn Hughes is back on ice.
10:55 of 2nd period - Matthew Tkachuk is hit by Victor Rask and loses puck.
11:04 of 2nd period - Wrist shot by Matthew Tkachuk.
11:04 of 2nd period - Stopped by Christopher Gibson with a rebound.
11:21 of 2nd period - Minor Penalty to Auston Matthews for Roughing.
11:22 of 2nd period - Patrik Berglund wins face-off versus Anze Kopitar in Canadiens zone.
11:28 of 2nd period - Snap shot by Evgeny Svechnikov.
11:28 of 2nd period - Deflect By Tanner Pearson.
11:28 of 2nd period - Stopped by Igor Shesterkin with a rebound.
11:30 of 2nd period - Slapshot by Patrik Berglund.
11:30 of 2nd period - Shot Misses the Net.
11:32 of 2nd period - Slapshot by Esa Lindell.
11:32 of 2nd period - Shot Misses the Net.
11:34 of 2nd period - Wrist shot by Evgeny Svechnikov.
11:34 of 2nd period - Shot Misses the Net.
11:36 of 2nd period - Snap shot by Tanner Pearson.
11:36 of 2nd period - Stopped by Igor Shesterkin with a rebound.
13:21 of 2nd period - Penalty to Auston Matthews is over, Auston Matthews is back on ice.
13:31 of 2nd period - Backhand shot by Brady Skjei.
13:31 of 2nd period - Goal by Brady Skjei - Canadiens : 2 - Flames : 3.
13:32 of 2nd period - Eric Staal wins face-off versus Auston Matthews in neutral zone.
13:45 of 2nd period - Snap shot by Bryan Rust.
13:45 of 2nd period - Stopped by Igor Shesterkin without a rebound.
13:46 of 2nd period - Auston Matthews wins face-off versus Patrik Berglund in Canadiens zone.
14:43 of 2nd period - Wrist shot by William Nylander.
14:43 of 2nd period - Shot Misses the Net.
15:01 of 2nd period - Snap shot by Josh Anderson.
15:01 of 2nd period - Shot Blocked by Esa Lindell.
15:09 of 2nd period - Wrist shot by Victor Rask.
15:09 of 2nd period - Stopped by Igor Shesterkin with a rebound.
15:23 of 2nd period - Slapshot by Kevin Labanc.
15:23 of 2nd period - Stopped by Igor Shesterkin with a rebound.
15:25 of 2nd period - Slapshot by Esa Lindell.
15:25 of 2nd period - Goal by Esa Lindell - Canadiens : 2 - Flames : 4.
15:26 of 2nd period - Chris Kreider wins face-off versus Eric Staal in neutral zone.
15:59 of 2nd period - Tanner Pearson is hit by Filip Hronek and loses puck.
16:14 of 2nd period - Wrist shot by Anthony Cirelli.
16:14 of 2nd period - Goal by Anthony Cirelli - Canadiens : 3 - Flames : 4.
16:15 of 2nd period - Eric Staal wins face-off versus Auston Matthews in neutral zone.
16:15 of 2nd period - Eric Staal is hit by David Pastrnak.
16:26 of 2nd period - Minor Penalty to Chris Kreider for Roughing.
16:27 of 2nd period - Anze Kopitar wins face-off versus Eric Staal in Canadiens zone.
16:42 of 2nd period - Snap shot by Jacob De La Rose.
16:42 of 2nd period - Shot Misses the Net.
17:22 of 2nd period - Icing by Patrik Berglund.
17:23 of 2nd period - Anze Kopitar wins face-off versus Tanner Pearson in Flames zone.
17:38 of 2nd period - Slapshot by Jimmy Hayes.
17:38 of 2nd period - Stopped by Igor Shesterkin without a rebound.
17:39 of 2nd period - Eric Staal wins face-off versus Anze Kopitar in Canadiens zone.
17:42 of 2nd period - Wrist shot by Eric Staal.
17:42 of 2nd period - Deflect By Jake DeBrusk.
17:42 of 2nd period - Stopped by Igor Shesterkin with a rebound.
17:50 of 2nd period - Snap shot by Jake DeBrusk.
17:50 of 2nd period - Stopped by Igor Shesterkin with a rebound.
17:52 of 2nd period - Slapshot by Christian Folin.
17:52 of 2nd period - Shot Blocked by Jacob De La Rose.
17:54 of 2nd period - Backhand shot by Christian Folin.
17:54 of 2nd period - Shot Misses the Net.
18:20 of 2nd period - Snap shot by Jimmy Hayes.
18:20 of 2nd period - Goal by Jimmy Hayes - Canadiens : 3 - Flames : 5.
18:21 of 2nd period - Eric Staal wins face-off versus Auston Matthews in neutral zone.
18:32 of 2nd period - Wrist shot by Chris Kreider.
18:32 of 2nd period - Shot Misses the Net.
18:53 of 2nd period - Snap shot by Quinn Hughes.
18:53 of 2nd period - Deflect By Anze Kopitar.
18:53 of 2nd period - Shot Misses the Net.
18:53 of 2nd period - Puck is out of play.
18:54 of 2nd period - John Tavares wins face-off versus Patrik Berglund in Flames zone.
19:21 of 2nd period - Snap shot by William Nylander.
19:21 of 2nd period - Stopped by Christopher Gibson without a rebound.
19:22 of 2nd period - Eric Staal wins face-off versus William Nylander in Flames zone.
19:35 of 2nd period - Snap shot by Anthony Cirelli.
19:35 of 2nd period - Shot Blocked by Eric Staal.
19:37 of 2nd period - Snap shot by Anthony Cirelli.
19:37 of 2nd period - Shot Misses the Net.
19:39 of 2nd period - Slapshot by Filip Hronek.
19:39 of 2nd period - Shot Misses the Net.
19:54 of 2nd period - Erik Johnson is hit by Auston Matthews and loses puck.
Goals for this period are 2 for Canadiens vs 4 for Flames.
Shots for this period are 6 for Canadiens vs 20 for Flames.
3rd period
0:01 of 3rd period - Eric Staal wins face-off versus Auston Matthews in neutral zone.
0:41 of 3rd period - Minor Penalty to John Tavares for Roughing.
0:42 of 3rd period - Anze Kopitar wins face-off versus Eric Staal in Canadiens zone.
2:41 of 3rd period - Penalty to John Tavares is over, John Tavares is back on ice.
2:50 of 3rd period - Off-side.
2:51 of 3rd period - Eric Staal wins face-off versus John Tavares in neutral zone.
2:54 of 3rd period - Filip Hronek is hit by Rasmus Andersson and loses puck.
3:22 of 3rd period - Brady Skjei is hit by Sami Vatanen and loses puck.
4:13 of 3rd period - Minor Penalty to Jimmy Hayes for Roughing.
4:14 of 3rd period - Patrik Berglund wins face-off versus Auston Matthews in Flames zone.
4:14 of 3rd period - Patrik Berglund is hit by David Pastrnak.
6:13 of 3rd period - Penalty to Jimmy Hayes is over, Jimmy Hayes is back on ice.
6:32 of 3rd period - Josh Anderson is hit by Kevin Labanc and loses puck.
6:49 of 3rd period - Matthew Tkachuk is hit by Patrik Berglund and loses puck.
7:23 of 3rd period - Icing by Anders Lee.
7:24 of 3rd period - Anze Kopitar wins face-off versus Eric Staal in Flames zone.
7:34 of 3rd period - Icing by Quinn Hughes.
7:35 of 3rd period - Anthony Cirelli wins face-off versus Patrik Berglund in Canadiens zone.
8:06 of 3rd period - Snap shot by Kevin Labanc.
8:06 of 3rd period - Stopped by Igor Shesterkin without a rebound.
8:07 of 3rd period - Auston Matthews wins face-off versus Victor Rask in Canadiens zone.
8:41 of 3rd period - Slapshot by Brady Skjei.
8:41 of 3rd period - Stopped by Christopher Gibson without a rebound.
8:42 of 3rd period - Eric Staal wins face-off versus Auston Matthews in Flames zone.
8:47 of 3rd period - Snap shot by Auston Matthews.
8:47 of 3rd period - Shot Blocked by Sami Vatanen.
8:49 of 3rd period - Minor Penalty to Brad Marchand for Cross-checking.
8:50 of 3rd period - Auston Matthews wins face-off versus Patrik Berglund in Flames zone.
9:43 of 3rd period - Auston Matthews is hit by Anders Lee and loses puck.
10:49 of 3rd period - Penalty to Brad Marchand is over, Brad Marchand is back on ice.
11:27 of 3rd period - Wrist shot by Jimmy Hayes.
11:27 of 3rd period - Shot Misses the Net.
11:41 of 3rd period - Wrist shot by Eric Staal.
11:41 of 3rd period - Stopped by Igor Shesterkin without a rebound.
11:42 of 3rd period - Derick Brassard wins face-off versus Eric Staal in Canadiens zone.
11:42 of 3rd period - Derick Brassard is hit by Rasmus Andersson.
11:58 of 3rd period - Minor Penalty to Brad Marchand for Hooking.
11:59 of 3rd period - David Pastrnak wins face-off versus Patrik Berglund in Flames zone.
13:58 of 3rd period - Penalty to Brad Marchand is over, Brad Marchand is back on ice.
14:22 of 3rd period - Matthew Tkachuk is hit by Christian Folin and loses puck.
14:29 of 3rd period - Anze Kopitar is hit by Anders Lee and loses puck.
14:52 of 3rd period - Backhand shot by Anders Lee.
14:52 of 3rd period - Stopped by Igor Shesterkin with a rebound.
14:54 of 3rd period - Slapshot by Sami Vatanen.
14:54 of 3rd period - Stopped by Igor Shesterkin with a rebound.
14:56 of 3rd period - Snap shot by Esa Lindell.
14:56 of 3rd period - Deflect By William Nylander.
14:56 of 3rd period - Stopped by Igor Shesterkin without a rebound.
14:57 of 3rd period - Auston Matthews wins face-off versus Patrik Berglund in Canadiens zone.
14:57 of 3rd period - Auston Matthews is hit by Jimmy Hayes.
15:09 of 3rd period - Slapshot by David Pastrnak.
15:09 of 3rd period - Stopped by Christopher Gibson without a rebound.
15:10 of 3rd period - Auston Matthews wins face-off versus Patrik Berglund in Flames zone.
15:17 of 3rd period - Wrist shot by David Pastrnak.
15:17 of 3rd period - Stopped by Christopher Gibson with a rebound.
16:05 of 3rd period - Wrist shot by Zac Rinaldo.
16:05 of 3rd period - Stopped by Christopher Gibson without a rebound.
16:06 of 3rd period - Anze Kopitar wins face-off versus Tanner Pearson in Flames zone.
16:27 of 3rd period - Snap shot by Bryan Rust.
16:27 of 3rd period - Shot Blocked by Nicolas Hague.
16:37 of 3rd period - Esa Lindell is hit by William Nylander and loses puck.
16:56 of 3rd period - Wrist shot by William Nylander.
16:56 of 3rd period - Shot Misses the Net.
17:16 of 3rd period - Auston Matthews is hit by Erik Johnson and loses puck.
17:35 of 3rd period - Snap shot by David Pastrnak.
17:35 of 3rd period - Shot Blocked by Sami Vatanen.
17:48 of 3rd period - Snap shot by Chris Kreider.
17:48 of 3rd period - Goal by Chris Kreider - Canadiens : 4 - Flames : 5.
17:49 of 3rd period - Anze Kopitar wins face-off versus Victor Rask in neutral zone.
18:04 of 3rd period - Snap shot by Anthony Cirelli.
18:04 of 3rd period - Shot Misses the Net.
18:06 of 3rd period - Slapshot by Brady Skjei.
18:06 of 3rd period - Shot Misses the Net.
18:16 of 3rd period - Derick Brassard is hit by Rasmus Andersson and loses puck.
18:43 of 3rd period - Snap shot by David Pastrnak.
18:43 of 3rd period - Stopped by Christopher Gibson with a rebound.
18:45 of 3rd period - Canadiens, Igor Shesterkin is pulled from the net.
19:19 of 3rd period - Snap shot by Chris Kreider.
19:19 of 3rd period - Stopped by Christopher Gibson with a rebound.
19:25 of 3rd period - Snap shot by David Pastrnak.
19:25 of 3rd period - Shot Blocked by Eric Staal.
19:27 of 3rd period - Backhand shot by Quinn Hughes.
19:27 of 3rd period - Stopped by Christopher Gibson with a rebound.
19:29 of 3rd period - Snap shot by David Pastrnak.
19:29 of 3rd period - Stopped by Christopher Gibson without a rebound.
19:30 of 3rd period - Ken Hitchcock call a timeout for Canadiens.
19:30 of 3rd period - Eric Staal wins face-off versus John Tavares in Flames zone.
19:44 of 3rd period - Snap shot by David Pastrnak.
19:44 of 3rd period - Shot Misses the Net.
19:52 of 3rd period - Snap shot by John Tavares.
19:52 of 3rd period - Deflect By Chris Kreider.
19:52 of 3rd period - Shot Misses the Net.
19:52 of 3rd period - Puck is out of play.
19:53 of 3rd period - John Tavares wins face-off versus Eric Staal in Flames zone.
Goals for this period are 1 for Canadiens vs 0 for Flames.
Shots for this period are 9 for Canadiens vs 5 for Flames.